 Dungeon Crawl Stone Soup version 0.21-a0-81-gc5150db (webtiles) character file.

23288 KristoblXynda the Fencer (level 13, -8/72 HPs)
             Began as a Tengu Berserker on June 23, 2017.
             Was a High Priest of Trog.
             Mangled by an enchanted long sword (15 damage)
             ... on level 14 of the Dungeon.
             The game lasted 00:35:52 (13986 turns).

KristoblXynda the Fencer (Tengu Berserker)         Turns: 13986, Time: 00:35:53

Health: -8/72      AC: 15    Str: 20    XL:     13   Next: 5%
Magic:  6/6        EV: 16    Int: 11    God:    Trog [*****.]
Gold:   929        SH:  5    Dex: 15    Spells: 12/12 levels left

rFire    . . .     SeeInvis .   K - +6 demon blade (antimagic)
rCold    . . .     Gourm    .   v - +0 buckler
rNeg     . . .     Faith    .   n - +3 ring mail {MR+}
rPois    +         Spirit   .   (helmet restricted)
rElec    .         Reflect  .   e - +2 cloak
rCorr    .         Harm     .   j - +1 pair of gloves
MR       ++...                  (boots unavailable)
Stlth    +++++.....             k - amulet of magic regeneration
HPRegen  0.22/turn              r - ring of poison resistance
MPRegen  0.35/turn              I - ring of stealth

@: berserk cooldown, slowed, very slow
A: beak, talons 3, repulsion field 1, agile 1, magic resistance 1, able to fly 1
a: Fly, Berserk, Trog's Hand, Brothers in Arms, Burn Spellbooks, Renounce
Religion


You were on level 14 of the Dungeon.
You worshipped Trog.
Trog was extremely pleased with you.
You were not hungry.

You visited 2 branches of the dungeon, and saw 15 of its levels.

You collected 929 gold pieces.

Inventory:

Hand Weapons
 w - a +4 antimagic double sword
 A - the +11 dagger of the Distant Future {freeze, +Fly Stlth+}
   (You found it on level 8 of the Dungeon)

   It has been specially enchanted to freeze those struck by it, causing extra
   injury to most foes and up to half again as much damage against particularly
   susceptible opponents.
   It can also slow down cold-blooded creatures.
   It lets you fly.
   It makes you more stealthy.
 K - a +6 antimagic demon blade (weapon)
Missiles
 m - 2 javelins of returning (quivered)
Armour
 e - a +2 cloak (worn)
 j - a +1 pair of gloves (worn)
 n - a +3 ring mail of magic resistance (worn)
 v - a +0 buckler (worn)
Jewellery
 k - an amulet of magic regeneration (around neck)
 r - a ring of poison resistance (left hand)
 I - a ring of stealth (right hand)
Wands
 s - a wand of digging (13/24)
 z - a wand of scattershot (4/9)
 E - a wand of lightning (2/15)
 H - a wand of iceblast (6/15)
Scrolls
 b - 5 scrolls of identify
 g - 12 scrolls of remove curse
 h - 4 scrolls of teleportation
 l - 5 scrolls of amnesia
 q - 4 scrolls of recharging
 y - a scroll of blinking
 F - a scroll of enchant weapon
 J - a scroll of enchant armour
Potions
 a - a potion of berserk rage
 f - 2 potions of heal wounds
 i - a potion of haste
 o - 4 potions of curing
 p - 6 potions of flight
 t - 4 potions of might
 B - 2 potions of agility
 C - a potion of lignification
 D - a potion of resistance
 G - 2 potions of brilliance
Books
 d - a book of Changes

   Spells                             Type                      Level
   a - Beastly Appendage              Transmutation                1
   b - Sticks to Snakes               Transmutation                2
   c - Spider Form                    Transmutation/Poison         3
   d - Ice Form                       Ice/Transmutation            4
   e - Blade Hands                    Transmutation                5
   Trog disapproves of the use of such an item.
 u - a book of Power

   Spells                             Type                      Level
   a - Iskenderun's Battlesphere      Conjuration/Charms           5
   b - Venom Bolt                     Conjuration/Poison           5
   c - Bolt of Magma                  Conjuration/Fire/Earth       5
   d - Iron Shot                      Conjuration/Earth            6
   e - Orb of Destruction             Conjuration                  7
   f - Spellforged Servitor           Conjuration/Summoning        7
   Trog disapproves of the use of such an item.
Comestibles
 c - 7 bread rations
 x - 2 fruits


   Skills:
 + Level 4.4 Fighting
 - Level 15.3 Long Blades
 - Level 2.4 Throwing
 - Level 7.0 Armour
 + Level 4.8 Dodging
 + Level 11.6 Stealth
 - Level 4.0 Shields
 + Level 7.3 Evocations


You had 12 spell levels left.
You didn't know any spells.

Dungeon Overview and Level Annotations

Branches:
Dungeon (14/15)            Temple (1/1) D:5            Lair (0/6) D:11
    Orc (0/2) D:10         Vaults (0/5) D:14

Altars:
Ashenzari
Cheibriados
Dithmenos
Elyvilon
Fedhas
Gozag
Hepliaklqana
Kikubaaqudgha
Makhleb
Nemelex Xobeh
Okawaru
Qazlal
Ru
Sif Muna
Trog
Uskayaw
Vehumet
Wu Jian
Xom
Yredelemnul
Zin
The Shining One

Shops:
D:4 %   D:7 :   D:9 [


Innate Abilities, Weirdness & Mutations

You have a beak for a mouth.
You have claws for feet.
You can fly.
You are surrounded by a mild repulsion field. (EV +2)
You are agile. (Dex +2)
You are resistant to hostile enchantments. (MR+)


Message History

You block the enchanted long sword's attack.
The enchanted long sword hits you but does no damage.
The crimson imp blinks!
You feel much better. The enchanted long sword hits you! x2
A red film seems to cover your vision as you go berserk!
You feel yourself moving faster!
You feel mighty! The enchanted long sword hits you!
* * * LOW HITPOINT WARNING * * *
The enchanted long sword hits you.
* * * LOW HITPOINT WARNING * * *
The enchanted long sword hits you.
* * * LOW HITPOINT WARNING * * *
The enchanted long sword misses you.
You feel a strong urge to attack something.
You feel your anger subside.
You are no longer berserk.
You are exhausted.
You feel yourself slow down. The enchanted long sword hits you!
You die...

## ### ## #.
.. ... #.##
.# ...
#..####.#####
...
#..........#
...
#..........#
...
#..........#
...
#...@.......
...
#...(#.#....
.. #..(##.# .
#....#∩# #
##..##(# ..#
#.5.#.#.$..#
#..........#
#.....[....#
#..........#


You could see 2 dancing weapons and a crimson imp.

Vanquished Creatures
  Frances (D:13)
  4 two-headed ogres
  An unseen horror (D:11)
  A wolf spider zombie (D:14)
  4 ugly things
  A cyclops (D:14)
  A manticore (D:13)
  Maurice (D:9)
  Psyche (D:9)
  The ghost of HAL9000 the Slicer, a novice VSAs of Dithmenos (D:8)
  2 centaur skeletons (D:13)
  A redback zombie (D:14)
  3 trolls
  2 tengu conjurers (D:13)
  A hornet (D:11)
  The ghost of HAL9000 the Cutter, a novice VSAs (D:6)
  2 slime creatures (D:12)
  A meliai zombie (D:12)
  5 hippogriffs
  A vampire (D:12)
  A spriggan (D:7)
  2 wyverns
  A shadow (D:10)
  18 yaks
  2 hungry ghosts
  Menkaure (D:4)
  An acid dragon (D:12)
  9 orc warriors
  5 black bears
  4 ice beasts
  3 sky beasts
  2 eyes of draining
  4 centaurs
  3 ogres
  2 crocodiles
  5 big kobolds
  9 bullfrogs
  A wyvern zombie (D:14)
  A gnoll sergeant (D:8)
  A wyvern skeleton (D:8)
  2 scorpions
  10 killer bees
  4 wights (D:6)
  2 howler monkeys (D:8)
  4 crimson imps
  2 quasits
  5 centaur zombies
  6 jellies
  Crazy Yiuf (D:2)
  4 bullfrog skeletons
  A bullfrog zombie (D:5)
  6 hounds
  4 orc priests
  Jessica (D:2)
  3 iguanas
  11 orc wizards
  9 worker ants
  3 hound skeletons
  2 mummies (D:14)
  A worker ant zombie (D:10)
  Robin (D:2)
  5 gnolls
  9 adders
  A river rat (D:4)
  5 shadow imps
  3 oozes
  3 adder skeletons
  2 worms (D:4)
  A dart slug (D:2)
  6 leopard geckos
  43 orcs
  7 giant cockroaches
  21 goblins
  12 hobgoblins
  10 jackals
  2 quokkas
  A ball python (D:3)
  A ball python skeleton (D:4)
  4 bats
  2 frilled lizards
  41 kobolds
  5 rats
376 creatures vanquished.

Vanquished Creatures (collateral kills)
  3 slime creatures (D:12)
  2 worker ants (D:12)
5 creatures vanquished.

Vanquished Creatures (others)
  An orc warrior (D:12)
  An ogre (D:12)
  An orc wizard (D:12)
  An orc (D:12)
  8 plants (D:11)
12 creatures vanquished.

Grand Total: 393 creatures vanquished

Notes
Turn   | Place    | Note
-------+----------+-------------------------------------------
     0 | D:1      | KristoblXynda the Tengu Berserker began the quest for the Orb.
     0 | D:1      | Reached XP level 1. HP: 14/14 MP: 2/2
   138 | D:1      | Reached skill level 1 in Stealth
   138 | D:1      | Reached XP level 2. HP: 7/19 MP: 3/3
   814 | D:2      | Noticed Robin
   818 | D:2      | Reached XP level 3. HP: 22/23 MP: 4/4
   827 | D:2      | Killed Robin
  1075 | D:2      | Reached ** piety under Trog
  1141 | D:2      | Reached XP level 4. HP: 22/28 MP: 5/5
  1173 | D:2      | Noticed Jessica
  1184 | D:2      | Killed Jessica
  1300 | D:2      | Found a runed door.
  1590 | D:2      | Noticed Crazy Yiuf
  1602 | D:2      | Killed Crazy Yiuf
  1602 | D:2      | Reached skill level 4 in Long Blades
  1602 | D:2      | Gained mutation: You can fly. [Tengu growth]
  1602 | D:2      | Reached XP level 5. HP: 32/32 MP: 6/6
  2054 | D:3      | Found a glowing silver altar of Zin.
  2994 | D:4      | Reached XP level 6. HP: 23/37 MP: 7/7
  3000 | D:4      | Noticed Menkaure
  3008 | D:4      | Killed Menkaure
  3008 | D:4      | Reached skill level 5 in Long Blades
  3019 | D:4      | Found Qiacy's Food Shop.
  3122 | D:4      | Noticed a hippogriff
  3132 | D:4      | Killed a hippogriff
  3132 | D:4      | Reached skill level 6 in Long Blades
  3132 | D:4      | Reached XP level 7. HP: 25/41 MP: 8/8
  3258 | D:4      | You fall through a shaft for 2 floors!
  3600 | D:6      | Reached skill level 5 in Armour
  3708 | D:6      | Reached skill level 7 in Long Blades
  3728 | D:6      | Found a bloodstained altar of Trog.
  3747 | D:6      | Reached XP level 8. HP: 18/46 MP: 9/9
  4007 | D:6      | Reached *** piety under Trog
  4007 | D:6      | Reached skill level 5 in Stealth
  4079 | D:5      | Entered Level 5 of the Dungeon
  4279 | D:4      | Reached skill level 8 in Long Blades
  4902 | D:5      | Found a staircase to the Ecumenical Temple.
  4911 | Temple   | Entered the Ecumenical Temple
  5615 | D:6      | Noticed HAL9000's ghost (novice VSAs)
  5621 | D:6      | Killed HAL9000's ghost
  5621 | D:6      | Reached skill level 9 in Long Blades
  5621 | D:6      | Reached XP level 9. HP: 50/50 MP: 10/10
  5826 | D:6      | Reached **** piety under Trog
  6149 | D:7      | Received a gift from Trog
  6263 | D:7      | Reached skill level 10 in Long Blades
  6442 | D:7      | Reached skill level 1 in Throwing
  6534 | D:7      | Found Veuxtuf's Book Shop.
  6535 | D:7      | Gained mutation: You are surrounded by a mild repulsion field. (EV +2) [mutagenic meat]
  6537 | D:7      | Gained mutation: Scrolls take you a little longer to read. [mutagenic meat]
  6963 | D:7      | Found a radiant altar of Vehumet.
  6980 | D:7      | Reached XP level 10. HP: 56/56 MP: 11/11
  7040 | D:7      | Reached skill level 11 in Long Blades
  7040 | D:7      | Reached skill level 1 in Shields
  7469 | D:8      | Noticed HAL9000's ghost (novice VSAs)
  7474 | D:8      | Killed HAL9000's ghost
  7678 | D:8      | Found a snail-covered altar of Cheibriados.
  7819 | D:8      | Got a polished dagger
  7821 | D:8      | Identified the +11 dagger of the Distant Future {freeze, +Fly Stlth+} (You found it on level 8 of the Dungeon)
  8158 | D:9      | Reached skill level 12 in Long Blades
  8182 | D:9      | Noticed Psyche
  8194 | D:9      | Killed Psyche
  8221 | D:9      | Reached ***** piety under Trog
  8284 | D:9      | Noticed Maurice
  8287 | D:9      | Killed Maurice
  8451 | D:9      | Found a shimmering altar of Xom.
  8483 | D:9      | Found a white marble altar of Elyvilon.
  8550 | D:9      | Found Hing's Antique Armour Emporium.
  8601 | D:9      | Found an ancient bone altar of Kikubaaqudgha.
  8604 | D:9      | Found a sacrificial altar of Ru.
  8607 | D:9      | Found a deep blue altar of Sif Muna.
  8663 | D:9      | Reached skill level 1 in Evocations
  8701 | D:9      | Reached XP level 11. HP: 40/60 MP: 12/12
  8818 | D:10     | Entered Level 10 of the Dungeon
  8819 | D:10     | Found a staircase to the Orcish Mines.
  8819 | D:10     | Noticed a two-headed ogre
  8825 | D:10     | Killed a two-headed ogre
  9049 | D:10     | Noticed a two-headed ogre
  9067 | D:10     | Killed a two-headed ogre
  9067 | D:10     | Reached skill level 13 in Long Blades
  9190 | D:10     | Noticed a two-headed ogre
  9202 | D:10     | Killed a two-headed ogre
  9453 | D:10     | Found a sacrificial altar of Ru.
 10146 | D:11     | Noticed a red ugly thing
 10148 | D:11     | Noticed a two-headed ogre
 10168 | D:11     | Killed a red ugly thing
 10265 | D:11     | Found a staircase to the Lair.
 10477 | D:11     | Killed a two-headed ogre
 10477 | D:11     | Reached skill level 14 in Long Blades
 10477 | D:11     | Reached skill level 10 in Stealth
 10779 | D:11     | Gained mutation: Scrolls take you longer to read. [mutagenic meat]
 10786 | D:11     | Lost mutation: Scrolls take you longer to read. [potion of mutation]
 10786 | D:11     | Lost mutation: Scrolls take you a little longer to read. [potion of mutation]
 10786 | D:11     | Gained mutation: You are resistant to hostile enchantments. (MR+) [potion of mutation]
 10786 | D:11     | Gained mutation: You are agile. (Dex +2) [potion of mutation]
 10798 | D:11     | Found a shattered altar of Ashenzari.
 10965 | D:11     | Killed an unseen horror
 10965 | D:11     | Reached XP level 12. HP: 41/64 MP: 16/16
 11071 | D:11     | Reached skill level 5 in Evocations
 11127 | D:12     | Received a gift from Trog
 12652 | D:13     | Reached skill level 15 in Long Blades
 12883 | D:13     | Found a shadowy altar of Dithmenos.
 13152 | D:13     | Received a gift from Trog
 13459 | D:13     | Noticed Frances
 13470 | D:13     | Killed Frances
 13867 | D:14     | Reached XP level 13. HP: 70/70 MP: 19/19
 13969 | D:14     | Found a gate to the Vaults.
 13986 | D:14     | Mangled by an enchanted long sword

Vault maps used:
D:1:      lemuel_arrival_lava_pool
D:2:      minmay_diamond_boxcup, first_bread, uniq_robin, uniq_jessica,
          uniq_crazy_yiuf_cottage
D:3:      overflow_temple_1_default, minivault_27, serial_bayou_lagoon_b
D:4:      kennysheep_the_goblin_king, serial_shops, kennysheep_mini_moat,
          gup_sewer_entry_bubbles, hangedman_abyss_or_decor_slice, uniq_menkaure
D:5:      minmay_temple_entry_trees
D:6:      trog_ov_bears_minmay
D:7:      basic_altar, serial_shops, nicolae_shop_window_shopping,
          hangedman_abyss_or_decor_lesser_grid, hangedman_decor_peaks_small,
          the_bakery
D:8:      cheibriados_altar_1
D:9:      kennysheep_blocky_room, xom_butterflies,
          grunt_temple_overflow_cloverleaf, serial_shops,
          nicolae_shop_behind_doors, serial_aquarium, aquarium_bridge_straight,
          aquarium_window_1, aquarium_window_fake, aquarium_window_fake,
          aquarium_view_2e, uniq_maurice, uniq_psyche
D:10:     nicolae_ru_sacrificial_ziggurat
D:11:     david_lair_shrubbed, ashenzari_altar_1
D:12:     lemuel_nasty_fountain
D:13:     enter_bailey_2, serial_bayou_pond_e,
          grunt_dithmenos_smoke_and_mirrors, uniq_frances
D:14:     minmay_heptahexagon, erik_vaults_1, serial_undead, serial_undead_c,
          serial_undead_b, serial_undead_c, serial_undead_f
Temple:   regret_index_temple_waves

Skill      XL: |  1  2  3  4  5  6  7  8  9 10 11 12 |
---------------+-------------------------------------+-----
Stealth        | 1 2 3 4 6 7 8 10 11 | 11.6
Dodging        | 3 4 |  4.8
Armour         | 3 4 5 6 7 |  7.0
Long Blades    | 4 6 7 9 10 12 14 15 | 15.3
Throwing       | 2 |  2.4
Shields        | 4 |  4.0
Evocations     | 1 4 7 |  7.3
Fighting       | 4 |  4.4

Action                   |  1- 3 |  4- 6 |  7- 9 | 10-12 | 13-15 || total
-------------------------+-------+-------+-------+-------+-------++-------
Melee: Falchion          |    71 |    87 |    35 |       |       ||   193
       Kick              |    25 |    27 |   117 |   187 |    23 ||   379
       Peck              |     9 |    14 |    68 |   120 |     8 ||   219
       Long sword        |       |       |   185 |       |       ||   185
       Scimitar          |       |       |    66 |    94 |       ||   160
       Dagger            |       |       |       |   520 |    39 ||   559
Throw: Javelin           |       |       |     2 |       |       ||     2
Invok: Berserk           |       |     3 |     5 |     5 |       ||    13
       Trog's Hand       |       |       |     2 |     2 |       ||     4
       Brothers in Arms  |       |       |       |     2 |       ||     2
 Abil: Fly               |       |       |       |     1 |       ||     1
Evoke: Wand              |       |       |       |    14 |       ||    14
  Use: Potion            |       |     2 |       |     4 |     3 ||     9
       Scroll            |       |     8 |     7 |    16 |     2 ||    33
 Stab: Sleeping          |       |     1 |     4 |    27 |       ||    32
  Eat: Chunk             |     1 |     4 |     6 |    18 |       ||    29
       Meat ration       |       |     1 |     1 |     2 |       ||     4
       Fruit             |       |       |     2 |     6 |       ||     8
       Royal jelly       |       |       |     2 |     1 |       ||     3
       Bread ration      |       |       |     1 |       |       ||     1
Armor: Animal skin       |     2 |       |       |       |       ||     2
       Ring mail         |    13 |    38 |   124 |   152 |    10 ||   337
Dodge: Dodged            |    36 |    52 |   192 |   260 |    15 ||   555
Block: Buckler           |       |       |     1 |    82 |     8 ||    91
       Rpst.: Falchion   |    10 |    18 |     3 |       |       ||    31
       Long sword        |       |       |    34 |       |       ||    34
       Scimitar          |       |       |    16 |    19 |       ||    35
       Demon blade       |       |       |       |       |     1 ||     1
